 Dungeon Crawl Stone Soup version 0.28-a0-21-gf74fda84f9 (webtiles) character file.

Game seed: 7890259669870696209

30454 Demosthentine the Impaler (level 13, -16/109 HPs)
             Began as a Merfolk Gladiator on July 26, 2021.
             Was an Elder of the Shining One.
             Killed from afar by a tengu conjurer (22 damage)
             ... with a bolt of lightning
             ... on level 12 of the Dungeon on July 27, 2021.
             The game lasted 00:18:16 (14997 turns).

Demosthentine the Impaler (Merfolk Gladiator)      Turns: 14997, Time: 00:18:17

Health: -16/109    AC: 15    Str: 16    XL:     13   Next: 51%
Magic:  18/20      EV: 24    Int:  9    God:    the Shining One [****..]
Gold:   654        SH: 15    Dex: 23    Spells: 12/12 levels left

rFire   . . .      SeeInvis .   r - +7 trident
rCold   . . .      Faith    .   (no shield)
rNeg    + + .      Spirit   .   f - +0 troll leather armour
rPois   .          Reflect  +   c - +1 helmet
rElec   .          Harm     .   L - +0 cloak
rCorr   .          Rampage  .   B - +0 pair of gloves
Will    .....                   F - +0 pair of boots
Stlth   +.........              o - amulet of reflection
HPRegen 1.28/turn               s - +6 ring of dexterity
MPRegen 0.17/turn               j - +4 ring of protection

@: divinely shielded, glowing
A: (nimble swimmer 2), mertail
a: Renounce Religion, Divine Shield, Cleansing Flame


You were on level 12 of the Dungeon.
You worshipped the Shining One.
The Shining One was greatly pleased with you.
You visited 2 branches of the dungeon, and saw 14 of its levels.
You also visited: Ossuary.

You collected 901 gold pieces.
You spent 247 gold pieces at shops.

Inventory:

Hand Weapons
 r - a +7 trident (weapon)
Missiles
 d - 3 throwing nets (quivered)
 M - 2 curare-tipped darts
Armour
 c - a +1 helmet (worn)
 f - a +0 troll leather armour (worn)
 B - a +0 pair of gloves (worn)
 F - a +0 pair of boots (worn)
 L - a +0 cloak (worn)
Jewellery
 j - a +4 ring of protection (right hand)
 l - a ring of flight
 o - an amulet of reflection (around neck)
 s - a +6 ring of dexterity (left hand)
 v - a ring of resist corrosion
 G - an amulet of the acrobat
 K - a +4 ring of evasion
 O - a +6 ring of strength
Wands
 g - a wand of paralysis (8)
 y - a wand of acid (9)
 z - a wand of iceblast (31)
 A - a wand of polymorph (12)
 C - a wand of flame (37)
 N - a wand of mindburst (9)
Scrolls
 a - 2 scrolls of immolation
 i - 4 scrolls of fog
 k - 4 scrolls of teleportation
 n - 3 scrolls of amnesia
 p - a scroll of enchant armour
 t - 2 scrolls of fear
 u - a scroll of enchant weapon
 H - 7 scrolls of identify
 J - a scroll of summoning
 P - a scroll of magic mapping {unknown}
Potions
 b - a potion of attraction
 e - 3 potions of brilliance
 h - 3 potions of resistance
 m - 5 potions of lignification
 q - 2 potions of might
 w - 2 potions of haste
 D - a potion of magic
 E - a potion of cancellation
 I - a potion of berserk rage


   Skills:
 + Level 12.4 Fighting
 + Level 15.8 Polearms
 - Level 2.0 Throwing
 - Level 5.5 Armour
 + Level 14.6 Dodging
 + Level 9.6 Invocations


You had 12 spell levels left.
You didn't know any spells.
Your spell library contained the following spells:

 Spells                   Type           Power      Damage    Failure   Level
 Sandblast                Erth           0%         2d4       43%         1
 Summon Small Mammal      Summ           0%         N/A       43%         1
 Passwall                 Tmut/Erth      0%         N/A       58%         2
 Call Canine Familiar     Summ           0%         N/A       82%         3
 Gell's Gravitas          Tloc           0%         N/A       82%         3
 Lesser Beckoning         Tloc           0%         N/A       82%         3
 Summon Guardian Golem    Hex/Summ       0%         N/A       82%         3
 Teleport Other           Tloc           0%         N/A       82%         3
 Lee's Rapid Deconstruct  Erth           0%         3d5*      100%        5


Dungeon Overview and Level Annotations

Branches:
Dungeon (13/15)            Temple (1/1) D:5            Lair (0/6) D:9
    Orc (0/2) D:12        Ossuary (visited)
 Vaults: D:13-14

Altars:
Ashenzari
Cheibriados
Dithmenos
Elyvilon
Fedhas
Gozag
Hepliaklqana
Kikubaaqudgha
Makhleb
Nemelex Xobeh
Okawaru
Qazlal
Ru
Sif Muna
Trog
Uskayaw
Vehumet
Wu Jian
Xom
Yredelemnul
Zin
The Shining One

Shops:
D:5 *?*(

Annotations:
D:11 2 runed translucent doors, freelancePsychic's ghost, novice DsSu


Innate Abilities, Weirdness & Mutations

((You are quick and stealthy near water. (Stealth+, EV+, Speed+++)))
Your lower body shifts to a powerful aquatic tail in water.


Message History

You hit the vault guard.
The vault guard is almost dead.
The vault guard hits you with a +2 great sword!!
* * * LOW HITPOINT WARNING * * *
You hit the vault guard.
The vault guard is almost dead.
The tengu conjurer closely misses you. You block the tengu conjurer's attack.
The tengu conjurer completely misses you.
The vault guard completely misses you.
Unknown command.
You feel much better.
You block the tengu conjurer's attack. x3
The vault guard hits you with a +2 great sword.
You hit the vault guard.
The vault guard is almost dead.
The tengu conjurer hits you but does no damage.
The tengu conjurer misses you. You block the tengu conjurer's attack.
You puncture the vault guard!
You kill the vault guard!
You puncture the tengu conjurer!
The tengu conjurer is heavily wounded.
The tengu conjurer casts a spell at you.
The bolt of lightning hits you!
* * * LOW HITPOINT WARNING * * *
The bolt of lightning hits you!!
* * * LOW HITPOINT WARNING * * *
Throw: 4 throwing nets
Press: ? - help, Q - select action, (/) - cycle Shift-Dir - straight line, f - tengu conjurer
Aim: a tengu conjurer (heavily wounded, haloed, 64% to hit)
You throw a throwing net.
The throwing net hits the tengu conjurer.
The tengu conjurer is caught in the net!
The tengu conjurer is heavily wounded.
The tengu conjurer struggles against the net.
You hit the tengu conjurer but do no damage.
The tengu conjurer is heavily wounded.
You puncture the tengu conjurer!
The tengu conjurer is almost dead.
The tengu conjurer casts a spell at you.
The bolt of lightning misses you. The bolt of lightning hits you!!
You die...

##
#..........####.##
##.....)....# ##.#
#...........# ###
##...........#
#..#.........#
##.##.........#
#..###........#
######.##
##..Q)...#
#...#..# ##..@...#
##....### ##.....#
#......### ###...#
#........## ##.##
#.........## ###
##.........##
#...........#
##...........#
##.##.........#


You could see a tengu conjurer (caught).

Vanquished Creatures
  Nessos (D:12)
  2 boulder beetles
  A vault guard (D:12)
  A centaur warrior (D:13)
  5 two-headed ogres
  9 death yaks
  Urug (D:12)
  Sonja (D:12)
  3 skeletal warriors (D:12)
  Pikel (D:5)
  2 ugly things (D:11)
  A cyclops (D:11)
  A manticore (D:13)
  Joseph (D:9)
  Maurice (D:12)
  A gargoyle (D:12)
  A komodo dragon (D:12)
  3 kobold demonologists (D:5)
  5 trolls
  A hornet (D:9)
  A slime creature (D:13)
  2 wyverns
  9 yaks
  Grum (D:8)
  18 vampire mosquitoes
  A steam dragon (D:10)
  An acid dragon (D:12)
  A water moccasin (D:6)
  5 orc warriors
  3 hornet zombies (Ossuary)
  An ice beast (D:5)
  A sky beast (D:7)
  A necrophage (D:7)
  A black bear (D:8)
  2 ogres
  2 wolves (D:8)
  6 centaurs
  A lemure (D:5)
  A phantom (D:5)
  2 kobold brigands (D:9)
  A gnoll sergeant (D:9)
  4 wyvern zombies
  3 bullfrogs
  5 water moccasin zombies
  6 killer bees (D:11)
  8 wights
  A howler monkey (D:4)
  7 centaur zombies
  9 bullfrog zombies
  2 jellies
  A bullfrog skeleton (D:7)
  10 orc priests
  A centaur skeleton (D:4)
  A gnoll shaman (D:6)
  A hound (D:6)
  Terence (D:2)
  Natasha (thrice) (D:2)
  2 iguanas
  9 orc wizards
  6 killer bee zombies
  9 mummies
  3 howler monkey zombies
  8 gnolls
  2 howler monkey skeletons
  9 adders
  3 white imps
  An ufetubus (D:7)
  3 dart slugs
  33 orcs
  4 bats
  9 endoplasms
  2 giant cockroaches
  12 hobgoblins
  11 jackals
  3 quokkas
  2 ball pythons
  3 frilled lizards
  3 goblins
  15 kobolds
  5 rats
  2 rat zombies (D:5)
325 creatures vanquished.

Vanquished Creatures (others)
  A bullfrog (shapeshifter) (D:13)
  5 plants (D:8)
  5 withered plants (Ossuary)
11 creatures vanquished.

Grand Total: 336 creatures vanquished

Notes
Turn   | Place    | Note
-------+----------+-------------------------------------------
     0 | D:1      | Demosthentine the Merfolk Gladiator began the quest for the
                  | Orb.
     0 | D:1      | Reached XP level 1. HP: 16/16 MP: 1/1
   127 | D:1      | Found a faded altar of an unknown god.
   179 | D:1      | Reached XP level 2. HP: 23/23 MP: 2/2
   818 | D:2      | Reached XP level 3. HP: 28/28 MP: 3/3
   939 | D:2      | Reached skill level 5 in Polearms
   939 | D:2      | Reached skill level 1 in Armour
  1236 | D:2      | Reached XP level 4. HP: 29/35 MP: 4/4
  1236 | D:2      | Noticed Terence
  1339 | D:2      | Killed Terence
  1406 | D:2      | Noticed Natasha
  1418 | D:2      | Killed Natasha
  1419 | D:2      | Reached skill level 5 in Dodging
  1419 | D:2      | Reached XP level 5. HP: 38/41 MP: 5/5
  1459 | D:2      | Noticed Natasha
  1473 | D:2      | Killed Natasha
  1565 | D:2      | Found a radiant altar of Vehumet.
  1663 | D:2      | Noticed Natasha
  1671 | D:2      | Killed Natasha
  2170 | D:3      | Reached skill level 6 in Polearms
  2608 | D:3      | Reached XP level 6. HP: 35/48 MP: 6/6
  3313 | D:4      | Reached XP level 7. HP: 53/55 MP: 7/7
  3901 | D:4      | Identified the +8 war axe of the Gloaming {freeze, Dex+2}
  3930 | D:5      | Entered Level 5 of the Dungeon
  3975 | D:5      | Reached skill level 7 in Polearms
  3994 | D:5      | Found a staircase to the Ecumenical Temple.
  3994 | D:5      | Found a sand-covered staircase.
  4015 | Temple   | Entered the Ecumenical Temple
  4050 | Temple   | Became a worshipper of Elyvilon the Healer
  4070 | Ossuary  | Entered an ossuary
  4185 | Ossuary  | Reached skill level 5 in Fighting
  4215 | Ossuary  | Reached XP level 8. HP: 12/62 MP: 8/8
  4255 | Ossuary  | Reached skill level 8 in Polearms
  4482 | Ossuary  | Reached skill level 9 in Polearms
  4640 | Ossuary  | Reached XP level 9. HP: 54/71 MP: 9/9
  4929 | D:5      | Noticed Pikel
  4990 | D:5      | Killed Pikel
  5198 | D:5      | Found Nouzakle's Magic Scroll Emporium.
  5204 | D:5      | Bought a scroll of fear for 49 gold pieces
  5204 | D:5      | Bought a scroll of enchant weapon for 105 gold pieces
  5362 | D:5      | Found Tyrphocef's General Store.
  5368 | D:5      | Bought a potion of degeneration for 13 gold pieces
  5392 | D:5      | Found Isiphak's Antique Weapon Shop.
  5471 | D:5      | Found Poulufao's Assorted Antiques.
  5511 | D:5      | Reached * piety under Elyvilon
  5826 | D:5      | Reached skill level 10 in Polearms
  6085 | D:6      | Found a burning altar of Makhleb.
  6088 | D:6      | Noticed a kobold demonologist
  6318 | D:5      | Noticed an ice devil
  6324 | D:5      | Killed a kobold demonologist
  6377 | D:6      | Noticed a kobold demonologist
  6379 | D:6      | Noticed a kobold demonologist
  6420 | D:5      | Killed a kobold demonologist
  6421 | D:5      | Reached skill level 5 in Armour
  6426 | D:6      | Noticed an orange demon
  6454 | D:5      | Killed a kobold demonologist
  6455 | D:5      | Reached XP level 10. HP: 67/80 MP: 10/10
  6733 | D:6      | Found a broken altar of Ashenzari.
  6819 | D:6      | Reached skill level 10 in Dodging
  6873 | D:6      | Reached ** piety under Elyvilon
  6929 | D:6      | Reached skill level 11 in Polearms
  6976 | D:6      | Found a sparkling altar of Nemelex Xobeh.
  6978 | D:6      | Found a snail-covered altar of Cheibriados.
  6998 | D:6      | Found a shadowy altar of Dithmenos.
  7337 | D:5      | Bought a glittering amber ring for 80 gold pieces
  7337 | D:5      | Identified the ring "Idoqo" {*Corrode Str+3 Int+2 SInv}
                  | (You bought it in a shop on level 5 of the Dungeon)
  7964 | D:7      | Found an iron altar of Okawaru.
  8331 | D:8      | Noticed Grum
  8353 | D:8      | Killed Grum
  8354 | D:8      | Reached skill level 1 in Invocations
  8838 | D:8      | Noticed a +0 short sword
  8838 | D:8      | Noticed a +0 spear
  8838 | D:8      | Noticed a +0 dagger
  8838 | D:8      | Noticed a +0 falchion
  8926 | D:8      | Reached skill level 12 in Polearms
  8962 | D:8      | Found a glowing golden altar of the Shining One.
  8965 | D:8      | Fell from the grace of Elyvilon
  8965 | D:8      | Became a worshipper of the Shining One
  8965 | D:8      | Reached * piety under the Shining One
  9142 | D:8      | Noticed a +0 spear
  9147 | D:8      | Noticed a +0 falchion
  9147 | D:8      | Noticed a +0 short sword
  9147 | D:8      | Noticed a +0 dagger
  9237 | D:8      | Found a hide-covered altar of Uskayaw.
  9364 | D:8      | Reached XP level 11. HP: 89/89 MP: 13/13
  9495 | D:9      | Noticed a death yak
  9497 | D:9      | Found a staircase to the Lair.
  9512 | D:9      | Killed a death yak
  9568 | D:9      | Noticed a death yak
  9568 | D:9      | Noticed a death yak
  9568 | D:9      | Noticed a death yak
  9569 | D:9      | Noticed a death yak
  9570 | D:9      | Noticed a death yak
  9570 | D:9      | Noticed a death yak
  9571 | D:9      | Noticed a death yak
  9571 | D:9      | Noticed a death yak
  9584 | D:9      | Killed a death yak
  9595 | D:9      | Killed a death yak
  9606 | D:9      | Killed a death yak
  9619 | D:9      | Killed a death yak
  9620 | D:9      | Reached skill level 5 in Invocations
  9948 | D:9      | Noticed Joseph
  9950 | D:9      | Killed a death yak
  9951 | D:9      | Reached skill level 10 in Fighting
  9951 | D:9      | Reached skill level 13 in Polearms
  9960 | D:9      | Killed a death yak
 10200 | D:8      | Killed a death yak
 10339 | D:8      | Killed a death yak
 10386 | D:9      | Killed Joseph
 10419 | D:9      | Noticed a two-headed ogre
 10428 | D:9      | Killed a two-headed ogre
 10429 | D:9      | Reached XP level 12. HP: 80/98 MP: 16/16
 10754 | D:9      | Reached ** piety under the Shining One
 10879 | D:9      | Found a basalt altar of Yredelemnul.
 10882 | D:9      | Found a hazy altar of Hepliaklqana.
 10882 | D:9      | Found an ancient bone altar of Kikubaaqudgha.
 10882 | D:9      | Found a radiant altar of Vehumet.
 11430 | D:10     | Entered Level 10 of the Dungeon
 11584 | D:10     | Noticed a two-headed ogre
 11595 | D:10     | Killed a two-headed ogre
 11714 | D:10     | Noticed a two-headed ogre
 11722 | D:10     | Killed a two-headed ogre
 11723 | D:10     | Reached skill level 14 in Polearms
 12426 | D:11     | Found a runed translucent door.
 12427 | D:11     | Noticed a fire giant
 12428 | D:11     | Noticed a lich
 12430 | D:11     | Noticed a stone giant
 12430 | D:11     | Noticed freelancePsychic's ghost (novice DsSu)
 12435 | D:11     | Found a runed translucent door.
 12473 | D:11     | Noticed a two-headed ogre
 12510 | D:11     | Killed a two-headed ogre
 12718 | D:11     | Found an opulent altar of Gozag.
 12718 | D:11     | Reached *** piety under the Shining One
 13025 | D:12     | Found a staircase to the Orcish Mines.
 13025 | D:12     | Noticed a boulder beetle
 13059 | D:12     | Killed a boulder beetle
 13090 | D:12     | Noticed Sonja
 13217 | D:12     | Noticed Maurice
 13246 | D:12     | Killed Maurice
 13283 | D:12     | Reached **** piety under the Shining One
 13382 | D:12     | Killed Sonja
 13383 | D:12     | Reached skill level 15 in Polearms
 13604 | D:12     | Reached XP level 13. HP: 82/107 MP: 19/19
 13806 | D:12     | Noticed Urug
 13823 | D:12     | Killed Urug
 14026 | D:12     | Noticed Nessos
 14038 | D:12     | Killed Nessos
 14592 | D:13     | Noticed a vault guard
 14989 | D:12     | HP: 4/109 [vault guard (22)]
 14993 | D:12     | Killed a vault guard
 14994 | D:12     | HP: 3/109 [tengu conjurer/bolt of lightning (18)]
 14997 | D:12     | Killed from afar by a tengu conjurer

Illustrated notes

Levels and vault maps discovered:
D:1:      dpeg_arrival_three_same_balls, layout_loops_cross,
          shapermc_ecumenical_altar_pompeii
D:2:      layout_basic, basic_altar, kennysheep_generic_room_8, uniq_terence,
          uniq_natasha
D:3:      layout_loops_corners, grunt_ministairs_14
D:4:      layout_basic, dk_rats_in_the_wall
D:5:      layout_basic, minmay_temple_entry_nine_rooms, enter_ossuary_4,
          serial_shops, nicolae_shop_waterfront, nicolae_inconvenience_store,
          shop_statue, nicolae_square_shop, minmay_splitting_lines,
          minmay_misc_feat_alley, uniq_pikel
D:6:      layout_cave_pools, lemuel_crystal_altar,
          nicolae_overflow_hidden_temple
D:7:      layout_loops_ring, mainiacjoe_overflow_catwalk, serial_undead,
          serial_undead_a, serial_undead_e, serial_undead_b, serial_undead_f,
          serial_undead_f, grunt_decor_one_mirror
D:8:      layout_rooms, tso_oasis_becter, nicolae_uskayaw_en_pointe, uniq_grum
D:9:      layout_basic, grunt_temple_overflow_open, dpeg_lair_monsters,
          serial_park_tiny_1, kennysheep_generic_room_12, uniq_joseph
D:10:     layout_gridville
D:11:     layout_rooms, muffindrake_ghost_dual_entry, nicolae_gozag_seed_capital
D:12:     layout_cave_pods, uniq_sonja, uniq_maurice, uniq_nessos, uniq_urug
D:13:     minmay_the_grid_octo_tiled_octocenter_mashed
          [minmay_the_grid_octo_toaster, minmay_the_grid_octo_teeth,
          minmay_the_grid_octo_odd_swirl, minmay_the_grid_octo_fan_narrow,
          minmay_the_grid_octo_prize_square_snowflake,
          minmay_the_grid_square_5x5_two_small,
          minmay_the_grid_square_5x5_shuriken, minmay_the_grid_square_5x5_six,
          minmay_the_grid_square_5x5_shrine1], layout_cave_pods, david_vaults_5
Temple:   eino_wide_crystal_templ

Skill      XL: |  1  2  3  4  5  6  7  8  9 10 11 12 13 |
---------------+----------------------------------------+-----
Polearms       | 5 6 7 9 10 12 13 15 | 15.8
Armour         | 1 2 3 4 5 |  5.5
Fighting       | 3 4 5 6 7 9 10 11 12 | 12.4
Dodging        | 5 6 7 8 9 11 12 13 14 | 14.6
Invocations    | 3 6 8 9 |  9.6
Throwing       | |  2.0

Action                   |  1- 3 |  4- 6 |  7- 9 | 10-12 | 13-15 || total
-------------------------+-------+-------+-------+-------+-------++-------
Melee: Trident           |   105 |   157 |   532 |   831 |   221 ||  1846
       Tailslap          |       |       |    27 |     1 |       ||    28
Throw: Throwing net      |       |     1 |       |       |     1 ||     2
Invok: Divine Shield     |       |       |       |       |     2 ||     2
  Use: Scroll            |     1 |     5 |     7 |     9 |     1 ||    23
       Potion            |     1 |       |     1 |     4 |     3 ||     9
 Stab: Sleeping          |     2 |     3 |     1 |     1 |       ||     7
       Distracted        |       |     1 |     3 |     1 |       ||     5
       Held in net/web   |       |     1 |       |       |       ||     1
Armor: Leather armour    |    19 |    13 |    84 |    72 |       ||   188
       Skin              |       |       |       |     2 |       ||     2
       Troll leather arm |       |       |       |    32 |    34 ||    66
Dodge: Dodged            |    54 |   109 |   357 |   494 |   169 ||  1183
Block: Other             |       |       |    98 |   118 |    57 ||   273
       Reflection        |       |       |     2 |     3 |     9 ||    14

Table legend: (Time is in decaauts)
 A = Elapsed time spent in this place.
 B = Non-inter-level travel time spent in this place.
 C = Inter-level travel time spent in this place.
 D = Time resting spent in this place.
 E = Time spent auto-exploring this place.
 F = Levels seen in this place.
 G = Mean time per level.
                   A        B        C        D        E       F      G
               +--------+--------+--------+--------+--------+-----+--------+
         Total |  14586 |  14181 |    405 |   1268 |  10093 |  15 |  972.4 |
       Dungeon |  13765 |  13360 |    405 |   1224 |   9693 |  13 | 1058.8 |
        Temple |     42 |     42 |      0 |      0 |      0 |   1 |   42.0 |
       Ossuary |    777 |    777 |      0 |     44 |    400 |   1 |  777.0 |
               +--------+--------+--------+--------+--------+-----+--------+

Top non-repeatable levels by time:
     D:5: 1598 daAuts
     D:9: 1531 daAuts
     D:7: 1286 daAuts
     D:3: 1222 daAuts
    D:12: 1187 daAuts
     D:8: 1102 daAuts
     D:2: 1092 daAuts
     D:6: 934 daAuts
    D:10: 888 daAuts
     D:4: 854 daAuts
 Ossuary: 777 daAuts
     D:1: 763 daAuts
    D:11: 662 daAuts
    D:13: 641 daAuts
  Temple: 42 daAuts
